 Dungeon Crawl Stone Soup version 0.17-a0-963-gaa5423c (webtiles) character file.

101 oplop the Sneak (level 4, -2/21 HPs)
             Began as a Spriggan Enchanter on May 8, 2015.
             Shot with a stone by a goblin (4 damage)
             ... led by Robin
             ... on level 2 of the Dungeon.
             The game lasted 00:06:16 (1934 turns).

oplop the Sneak (Spriggan Enchanter)                Turns: 1934, Time: 00:06:16

Health: -2/21      AC:  3    Str:  4    XL:     4   Next: 48%
Magic:  10/10      EV: 18    Int: 17    God:
Gold:   54         SH:  0    Dex: 16    Spells: 4 memorised, 1 level left

rFire  . . .     SeeInvis +     a - +1 dagger
rCold  . . .     Clarity  .     b - +1 robe
rNeg   . . .     SustAb   .     (shield restricted)
rPois  .         Gourm    .     (helmet restricted)
rElec  .         Spirit   .     (no cloak)
rCorr  .         Warding  .     (gloves unavailable)
rMut   .         Stasis   .     (boots unavailable)
MR     .....                    (no amulet)
Stlth  +++.......               (no ring)
                                (no ring)

@: very quick, not resistant to hostile enchantments, fairly stealthy
A: unfitting armour, see invisible, herbivore 3, speed 3, slow metabolism 2
a: no special abilities


You were on level 2 of the Dungeon.
You were not hungry.

You visited 1 branch of the dungeon, and saw 2 of its levels.

You collected 54 gold pieces.

Inventory:

Hand weapons
 a - a +1 dagger (weapon)
 i - a +2 whip of electrocution
Missiles
 h - 20 poisoned needles
Armour
 b - a +1 robe (worn)
Scrolls
 f - 2 scrolls of remove curse {unknown}
 g - 6 scrolls of identify {unknown}
 k - 2 scrolls of teleportation {unknown}
 o - a scroll of immolation {unknown}
 r - a scroll of magic mapping {unknown}
Potions
 e - a potion of resistance {unknown}
 j - a potion of ambrosia {unknown}
 m - 3 potions of curing {unknown}
 n - 2 potions of degeneration {unknown}
 p - a potion of poison {unknown}
 q - 2 potions of invisibility {unknown}
Books
 c - a book of Maledictions

   Spells                             Type                      Level
   a - Corona                         Hexes                        1
   b - Ensorcelled Hibernation        Hexes/Ice                    2
   c - Confuse                        Hexes                        3
   d - Tukima's Dance                 Hexes                        3
   e - Dazzling Spray                 Conjuration/Hexes            3
Comestibles
 d - 3 bread rations
 l - a fruit


   Skills:
 + Level 3.2 Short Blades
 - Level 3.0 Dodging
 - Level 4.4 Stealth
 + Level 3.9 Spellcasting
 + Level 4.4 Hexes


You had one spell level left.
You knew the following spells:

 Your Spells              Type           Power        Failure   Level  Hunger
a - Corona                Hex            ###....      2%          1    None
b - Ensorcelled Hibernat  Hex/Ice        ##....       12%         2    ##.....
c - Confuse               Hex            ###.....     10%         3    ###....
d - Tukima's Dance        Hex            ###.....     10%         3    ###....


Dungeon Overview and Level Annotations

Branches:
Dungeon (2/15)

Altars:

Annotations:
D:2 Robin


Innate Abilities, Weirdness & Mutations

You are tiny and cannot use many weapons and most armour.
You have supernaturally acute eyesight.
You are a herbivore.
You cover ground extremely quickly.
You need consume almost no food.


Message History

The hobgoblin is severely wounded.
The goblin hits you with an uncursed dagger of protection.
The hobgoblin hits you with a club.
* * * LOW HITPOINT WARNING * * *
You are too injured to fight recklessly!
You are too injured to fight recklessly!
You are too injured to fight recklessly!
There is an open door here.
The goblin unwields an uncursed dagger of protection.
The goblin wields an uncursed hunting sling of flaming.
It bursts into flame!
The goblin shoots a stone.
The stone hits you.
* * * LOW HITPOINT WARNING * * *
The stone burns you.
* * * LOW HITPOINT WARNING * * *
You see here a stone.
Unknown command.
Found a meat ration.
You start resting.
The goblin shoots a stone.
The stone hits you.
You die...

##### ### .% ...# ..
.####'## #####.
#.#......
......##########.#.⌠...⌠
#...@......g..#......
#...########..'...⌠..
#...########.##......
#.........##.##.⌠...⌠
#>.........g...#...(.g
.........##.....####'##
###..####.##.....g..g.#
#.. ..##.........## #.#
#####.....(...#


You could see a goblin.

Vanquished Creatures
  A hound (D:2)
  2 adders (D:2)
  A gnoll (D:2)
  A worm (D:2)
  A giant gecko (D:2)
  3 bats
  8 goblins
  4 hobgoblins
  4 jackals (D:2)
  6 kobolds
  2 giant cockroaches (D:2)
  A giant newt (D:1)
  4 rats
38 creatures vanquished.

Notes
Turn   | Place    | Note
--------------------------------------------------------------
     0 | D:1      | oplop, the Spriggan Enchanter, began the quest for the Orb.
     0 | D:1      | Reached XP level 1. HP: 9/9 MP: 5/5
   916 | D:1      | Reached XP level 2. HP: 13/13 MP: 6/6
  1010 | D:2      | Learned a level 2 spell: Ensorcelled Hibernation
  1350 | D:2      | Reached XP level 3. HP: 16/16 MP: 8/8
  1503 | D:2      | Reached XP level 4. HP: 5/21 MP: 0/10
  1678 | D:2      | Noticed Robin
  1766 | D:2      | Learned a level 3 spell: Confuse
  1887 | D:2      | Learned a level 3 spell: Tukima's Dance
  1934 | D:2      | Shot with a stone by a goblin

Action                   |  1- 3 |  4- 6 || total
-------------------------+-------+-------++-------
Melee: Dagger            |    97 |    28 ||   125
 Cast: Corona            |     5 |     1 ||     6
       Ensorcelled Hiber |    10 |     3 ||    13
 Stab: Sleeping          |    11 |     5 ||    16
